 Dungeon Crawl Stone Soup version 0.29-a0-337-g68df138881 (webtiles) character file.

Game seed: 7056750162430629079

403 zishaf the Magician (level 7, -1/52 HPs)
             Began as a Djinni Venom Mage on Apr 16, 2022.
             Was a Follower of Cheibriados.
             Slain by a hound (3 damage)
             ... on level 5 of the Dungeon.
             The game lasted 00:08:49 (5462 turns).

zishaf the Magician (Djinni Venom Mage)             Turns: 5462, Time: 00:08:51

Health: -1/52      AC:  3    Str:  9    XL:     7   Next: 11%
Gold:   192        EV: 12    Int: 21    God:    Cheibriados [*.....] SH:  0 Dex: 15

rFire   + + +      SeeInvis .   b - +0 dagger
rCold   x . .      Faith    .   (no shield)
rNeg    . . .      Spirit   .   i - +0 robe
rPois   ∞          Reflect  .   (no helmet)
rElec   .          Harm     .   (no cloak)
rCorr   .          Rampage  .   q - +0 pair of gloves
Will    .....                   (boots unavailable)
Stlth   ++........              (no amulet)
HPRegen 0.17/turn               e - ring of protection from fire
MPRegen 0.00/turn               (no ring)

@: flying, very slow
A: sickness immunity, fire resistance 2, cold vulnerability 1, float, innate
caster, HP casting, extra vitality 1
a: Renounce Religion, Bend Time


You were on level 5 of the Dungeon.
You worshipped Cheibriados.
Cheibriados was aware of your devotion.
You visited 2 branches of the dungeon, and saw 6 of its levels.

You collected 192 gold pieces.

Inventory:

Hand Weapons
 a - a +0 hunting sling of flaming
 b - a +0 dagger (weapon)
 r - a +1 mace of protection
Missiles
 c - 6 javelins
Armour
 i - a +0 robe (worn)
 q - a +0 pair of gloves (worn)
Jewellery
 e - a ring of protection from fire (left hand)
Scrolls
 f - a scroll of enchant weapon {unknown}
 h - a scroll of acquirement {unknown}
 j - 2 scrolls of summoning {unknown}
 k - 2 scrolls of holy word {unknown}
 m - a scroll of blinking
 p - a scroll of teleportation
Potions
 d - 4 potions of curing
 g - 2 potions of ambrosia
 l - a potion of resistance {unknown}
 o - a potion of berserk rage {unknown}
 v - a potion of brilliance {unknown}
 w - 2 potions of lignification {unknown}
 x - a potion of haste {unknown}
 z - 2 potions of mutation {unknown}


   Skills:
 + Level 4.0 Fighting
 - Level 2.1 Dodging
 - Level 1.5 Stealth
 * Level 4.7 Spellcasting


You couldn't memorise any spells.
You knew the following spells:

 Your Spells              Type           Power      Damage    Failure   Level
a - Sting                 Tmut/Pois      100%       1d8       1%          1
b - Poisonous Vapours     Pois/Air       50%        N/A       2%          2
c - Mephitic Cloud        Conj/Pois/Air  25%        N/A       4%          3
d - Olgreb's Toxic Radia  Pois           25%        N/A       16%         4
e - Magic Dart            Conj           100%       1d8       1%          1
f - Static Discharge      Conj/Air       25%        N/A       2%          2
g - Spider Form           Tmut/Pois      25%        N/A       4%          3
Your spell library was empty.

Dungeon Overview and Level Annotations

Branches:
Dungeon (5/15)             Temple (1/1) D:4

Altars:
Ashenzari
Cheibriados
Dithmenos
Elyvilon
Fedhas
Gozag
Hepliaklqana
Kikubaaqudgha
Makhleb
Nemelex Xobeh
Okawaru
Qazlal
Ru
Sif Muna
Trog
Uskayaw
Vehumet
Wu Jian
Xom
Yredelemnul
Zin
The Shining One

Shops:
D:1 :

Portals:
Abyss: D:4

Annotations:
D:2 exclusion: upstairs
D:4 2 transporters, Antichthon's ghost, amateur NaWr


Innate Abilities, Weirdness & Mutations

You are immune to sickness and miasma.
You are immune to poison.
Your flesh is very heat resistant. (rF++)
You are vulnerable to cold. (rC-)
You float through the air rather than walking.
You learn spells naturally, not from books.
Your magical power is your life essence.
You have superior vitality. (+4 MHP)


Message History

Casting: Magic Dart (safe; 1% risk of failure)
Confirm with . or Enter, or press ? or * to list all spells.
Aiming: Magic Dart (safe; 1% risk of failure)
Press: ? - help, Shift-Dir - straight line, f/p - jelly
Aim: a jelly (severely wounded, 100% to hit)
The magic dart hits the jelly.
You kill the jelly!
Cheibriados appreciates the change of pace.
* * * LOW HITPOINT WARNING * * *
The hound bites you.
* * * LOW HITPOINT WARNING * * *
The hound bites you but does no damage.
You have reached level 7!
The power to cast Spider Form wells up from within.
Spell assigned to 'g'.
You aren't carrying any items that you can evoke.
Casting: Magic Dart (safe; 1% risk of failure)
Confirm with . or Enter, or press ? or * to list all spells.
Aiming: Sting (safe; 1% risk of failure)
Press: ? - help, Shift-Dir - straight line, f - hound
Aim: a hound (severely wounded, very poisoned, 67% to hit)
The sting hits the hound.
The hound looks as sick as possible!
The hound is severely wounded.
* * * LOW HITPOINT WARNING * * *
The hound barely misses you.
You kill the hound!
Cheibriados appreciates the change of pace.
You can now bend time to slow others.
Cheibriados raises the support of your attributes as your movement slows.
Your Fighting skill increases to level 4!
Casting: Sting (safe; 1% risk of failure)
Confirm with . or Enter, or press ? or * to list all spells.
Aiming: Sting (safe; 1% risk of failure)
Press: ? - help, Shift-Dir - straight line, f - hound
Aim: a hound (severely wounded, poisoned, 69% to hit)
The sting hits the hound.
The hound looks even sicker.
The hound is severely wounded.
* * * LOW HITPOINT WARNING * * *
The hound bites you.
You die...

## . #. # #.
#.##..##### ##
......#...# .#
..........#..#
.......<.....##
........@###..#.##.
#+#......h†........
#......####......
#....... .....
....###### .##.
#.... # #.... ..


You could see a hound (very poisoned).

Vanquished Creatures
  A howler monkey (D:5)
  2 hounds
  2 orc priests (D:4)
  A jelly (D:5)
  2 orc wizards
  Ijyb (D:3)
  5 adders
  3 worms
  4 dart slugs (D:1)
  9 orcs
  9 ball pythons
  6 endoplasms
  4 goblins
  5 hobgoblins
  4 jackals (D:3)
  8 kobolds
  A quokka (D:1)
  3 bats
  3 frilled lizards
  2 rats
75 creatures vanquished.

Vanquished Creatures (others)
  8 plants (D:3)
8 creatures vanquished.

Grand Total: 83 creatures vanquished

Notes
Turn   | Place    | Note
-------+----------+-------------------------------------------
     0 | D:1      | zishaf the Djinni Venom Mage began the quest for the Orb.
     0 | D:1      | Reached XP level 1. HP: 15/15 MP: 0/0
    45 | D:1      | Reached skill level 1 in Fighting
    45 | D:1      | Reached XP level 2. HP: 13/22 MP: 0/0
   741 | D:1      | Reached XP level 3. HP: 26/27 MP: 0/0
   741 | D:1      | Learned a level 1 spell: Magic Dart
   882 | D:1      | Found Emacibbo's Book Boutique.
  1407 | D:1      | Reached XP level 4. HP: 12/34 MP: 0/0
  2239 | D:3      | Noticed Ijyb
  2279 | D:3      | Killed Ijyb
  2280 | D:3      | Reached XP level 5. HP: 2/39 MP: 0/0
  2280 | D:3      | Learned a level 2 spell: Static Discharge
  2829 | D:3      | Found a faded altar of an unknown god.
  3170 | D:3      | Found a sparkling altar of Nemelex Xobeh.
  3170 | D:3      | Found a transporter.
  3170 | D:3      | Noticed an ice beast
  3197 | D:3      | HP: 1/40 [ice beast (7)]
  4115 | D:4      | Found a transporter.
  4120 | D:4      | Found a one-way gate to the infinite horrors of the Abyss.
  4120 | D:4      | Noticed Antichthon's ghost (amateur NaWr)
  4122 | D:4      | Noticed a kobold brigand
  4137 | D:4      | Found a transporter.
  4611 | D:4      | Found a staircase to the Ecumenical Temple.
  4621 | Temple   | Entered the Ecumenical Temple
  4707 | Temple   | Became a worshipper of Cheibriados the Contemplative
  4744 | D:4      | Reached XP level 6. HP: 27/46 MP: 0/0
  5437 | D:5      | Entered Level 5 of the Dungeon
  5460 | D:5      | Reached XP level 7. HP: 4/51 MP: 0/0
  5460 | D:5      | Learned a level 3 spell: Spider Form
  5461 | D:5      | Reached * piety under Cheibriados
  5462 | D:5      | Slain by a hound

Illustrated notes

Levels and vault maps discovered:
D:1:      elethiomel_arrival_shortcut, layout_basic, serial_shops, shop
D:2:      layout_rooms
D:3:      layout_basic, grunt_nemelex_the_gamble,
          hellmonk_ecumenical_altar_crossroads, guppyfry_early_lair_pool,
          uniq_ijyb
D:4:      layout_loops_cross, minmay_temple_entry_tees,
          gammafunk_ghost_abyssal_escape
D:5:      layout_basic
Temple:   dpeg_three_leaves_temple

Skill      XL: |  1  2  3  4  5  6  7 |
---------------+----------------------+-----
Fighting       | 1 2 3 4 |  4.0
Spellcasting   | 3 4 |  4.7
Dodging        | |  2.1
Stealth        | |  1.5

Action                   |  1- 3 |  4- 6 |  7- 9 || total
-------------------------+-------+-------+-------++-------
Melee: Dagger            |    18 |    54 |       ||    72
       Unarmed           |     1 |       |       ||     1
       Hunting sling     |     1 |       |       ||     1
 Fire: Hunting sling     |     5 |    20 |       ||    25
 Cast: Sting             |    29 |    60 |     2 ||    91
       Poisonous Vapours |       |    16 |       ||    16
       Static Discharge  |       |     9 |       ||     9
       Magic Dart        |       |     4 |       ||     4
       Mephitic Cloud    |       |     1 |       ||     1
Evoke: Wand              |       |     1 |       ||     1
  Use: Potion            |     1 |       |       ||     1
       Scroll            |       |    12 |       ||    12
 Stab: Sleeping          |       |     3 |       ||     3
       Confused          |       |     2 |       ||     2
Armor: Robe              |     7 |    20 |       ||    27
Dodge: Dodged            |    26 |    61 |     1 ||    88

Table legend: (Time is in decaauts)
 A = Elapsed time spent in this place.
 B = Non-inter-level travel time spent in this place.
 C = Inter-level travel time spent in this place.
 D = Time resting spent in this place.
 E = Time spent auto-exploring this place.
 F = Levels seen in this place.
 G = Mean time per level.
                   A        B        C        D        E       F      G
               +--------+--------+--------+--------+--------+-----+--------+
         Total |   5590 |   5349 |    241 |   1091 |   3498 |   6 |  931.7 |
       Dungeon |   5492 |   5251 |    241 |   1091 |   3498 |   5 | 1098.4 |
        Temple |     98 |     98 |      0 |      0 |      0 |   1 |   98.0 |
               +--------+--------+--------+--------+--------+-----+--------+

Top non-repeatable levels by time:
     D:3: 2237 daAuts
     D:1: 1569 daAuts
     D:4: 1197 daAuts
     D:2: 460 daAuts
  Temple: 98 daAuts
     D:5: 27 daAuts
